[Event "Early-Titled-Tuesday-Blitz-March-26-2024"]
[Site "Chess.com"]
[Date "2024.03.26"]
[Round "6"]
[White "Revan_2002"]
[Black "RamonManon0g"]
[Result "1-0"]
[WhiteElo "2588"]
[BlackElo "2394"]
[TimeControl "180+1"]
[EndTime "9:04:35 PDT"]
[Termination "Revan_2002 won by resignation"]

1. b3 e5 2. Bb2 d6 3. e3 Nf6 4.
c4 c5 5. Nc3 Nc6 6. g3 Be7 7.
Bg2 Bg4 8. Nge2 Qd7 9. d3 O-O 10.
O-O Bh3 11. a3 Bxg2 12. Kxg2 d5 13. Qd2 Rad8 14. Rad1 d4 15. Nb1 b6 16. e4 Ng4 17. h3 Nh6 18. Ng1 f5 19. f3 Na5 20.
b4 Nc6 21. b5 Na5 22. Qe2 Bg5 23. h4 Bxh4 24. gxh4 Qe7 25. Qe1 fxe4 26. dxe4 Rf4 27. Bc1 Rxh4 28. Nh3 Rh5 29. Qg3 Rf8 30. Bg5 Qe6 31. Nd2 Nf7 32. f4 Nxc4 33. f5 Qd7 34. Nxc4 Qxb5 35. Bf6 Ng5 36. Bxg5 Qxc4 37. Rd2 g6 38.
Qxe5 Qxf1+ 39. Kxf1 Rxh3 40. Be7 Rf7 41. f6 1-0

[Event "Early-Titled-Tuesday-Blitz-March-26-2024"]
[Site "Chess.com"]
[Date "2024.03.26"]
[Round "6"]
[White "jinbojinbo"]
[Black "Levanzovsky"]
[Result "0-1"]
[WhiteElo "2636"]
[BlackElo "2429"]
[TimeControl "180+1"]
[EndTime "9:04:36 PDT"]
[Termination "Levanzovsky won by resignation"]

1. c4 e5 2. Nc3 Nf6 3. e4 d6 4. Nf3 g6 5. d4 exd4 6. Nxd4 Bg7 7. Be2 O-O 8. O-O Re8 9. f3 c6 10. Nc2 a5 11. Be3 Na6 12. Re1 Nb4 13. Bf1 d5 14. cxd5 cxd5 15. Bg5 h6 16. Bxf6 Qxf6 17. exd5 Bf5 18. Ne3 Rxe3 19. Rxe3 Qd4 20. Qe2 Nc2 21.
Re1 Qxe3+ 22. Qxe3 Nxe3 23. Rxe3 Bd4 24. Kf2 Re8 25.
Nd1 Bc2 26. Bb5 Re5 27. f4 Rxd5 28. Ke1 Bxe3 29. Nxe3 Rxb5 30. Nxc2 Rxb2 31. Kd2 Rxa2 32. Kc3 Rxc2+ 33. Kxc2 b5 34. Kb3 a4+ 0-1

[Event "Early-Titled-Tuesday-Blitz-March-26-2024"]
[Site "Chess.com"]
[Date "2024.03.26"]
[Round "6"]
[White "HajiyevKanan"]
[Black "sansanathalia"]
[Result "0-1"]
[WhiteElo "2530"]
[BlackElo "2416"]
[TimeControl "180+1"]
[EndTime "9:04:37 PDT"]
[Termination "sansanathalia won by resignation"]

1. d4 d5 2. Nf3 e6 3. c4 c6 4. cxd5 exd5 5. Nc3 Nf6 6. Qc2 Be7 7. Bf4 O-O 8. e3 Nbd7 9. Bd3 b5 10. O-O Bb7 11. Rac1 a5 12. Ne2 b4 13. Ng3 c5 14. dxc5 Nxc5 15.
Nf5 Nxd3 16. Qxd3 Ba6 17. Qd4 Bxf1 18. Rc7 Re8 19. Kxf1 Rc8 20. Qa7 Rxc7 21. Bxc7 Qd7 22. N3d4 Bf8 23. Qxa5 g6 24. Ng3 Rc8 25. Be5 Ne4 26.
Nxe4 dxe4 27. h3 Rc5 28. Qxb4 Rc1+ 29. Qe1 Rxe1+ 30. Kxe1 Qd5 31. Bf6 Qxa2 32. Ne2 Bb4+ 33. Bc3 Qb1+ 34. Kd2 Qxb2+ 0-1

[Event "Early-Titled-Tuesday-Blitz-March-26-2024"]
[Site "Chess.com"]
[Date "2024.03.26"]
[Round "6"]
[White "Tugrik1969"]
[Black "ajedrezsinlimites"]
[Result "1-0"]
[WhiteElo "2508"]
[BlackElo "2624"]
[TimeControl "180+1"]
[EndTime "9:04:39 PDT"]
[Termination "Tugrik1969 won by resignation"]

1. d4 Nf6 2. Nf3 e6 3. c4 b6 4. g3 Bb7 5. Bg2 Be7 6. O-O O-O 7. Nc3 d5 8. cxd5 Nxd5 9. Qc2 Nd7 10. e4 Nxc3 11.
bxc3 c5 12. Rd1 cxd4 13. cxd4 Rc8 14. Qe2 Nb8 15. Bf4 Ba6 16. Qe3 Qd7 17. d5 exd5 18. exd5 Bf6 19. Ne5 Bxe5 20. Bxe5 Rfe8 21. Qd4 Rc4 22.
Qb2 f6 23. Bf4 Bb7 24. Qb3 Rcc8 25. d6+ Kh8 26. Bxb7 Qxb7 27. Rac1 Rxc1 28. Rxc1 Nc6 29. Qd5 Na5 30. Qxb7 Nxb7 31. Rc7 Nd8 32. d7 Rg8 33. Rc8 g5 34. Bc7 Ne6 35. Rxg8+ Kxg8 36. d8=Q+ Nxd8 37. Bxd8 Kf7 38. Bc7 Ke6 39. Bb8 a6 40. Ba7 b5 41.
Kf1 a5 42. Ke2 b4 43. Kd3 a4 44. Bd4 f5 45. f4 g4 46. Kc4 b3 47. axb3 axb3 48.
Bb2 h6 49. Kd4 h5 50. Ba3 Kf6 51. Kd5 Kg6 52. Bb2 h4 53. Ke6 hxg3 54. hxg3 Kh5 55.
Kxf5 Kh6 56. Kxg4 Kg6 57. f5+ 1-0

[Event "Early-Titled-Tuesday-Blitz-March-26-2024"]
[Site "Chess.com"]
[Date "2024.03.26"]
[Round "6"]
[White "Kavyev_Ruslan"]
[Black "C_K_G"]
[Result "0-1"]
[WhiteElo "2395"]
[BlackElo "2250"]
[TimeControl "180+1"]
[EndTime "9:04:39 PDT"]
[Termination "C_K_G won on time"]

1. d4 d5 2. Nf3 e6 3. c4 Nf6 4.
g3 b6 5. Bg2 Bb7 6. Ne5 Nbd7 7.
Nc3 Bb4 8. Qa4 Bxc3+ 9. bxc3 O-O 10. Ba3 Re8 11. Nc6 Bxc6 12. Qxc6 a5 13. O-O a4 14. e3 Ra5 15. cxd5 exd5 16. Bb4 Ra7 17. Qb5 c5 18. dxc5 bxc5 19. Bxc5 Ra5 20. Qb4 Rxc5 21. Qxa4 Rxc3 22. Rfd1 Rc5 23. Rd4 Nb6 24. Qb4 Qc7 25. Rad1 h6 26. Bf1 Rb8 27. Qd2 Nc4 28. Bxc4 Rxc4 29. Rd3 Rc2 30. Qe1 Rxa2 31. Rc1 Qe5 32. Rd4 Rbb2 33. Rf4 Ne4 34. f3 Ng5 35. Qf1 Rxh2 0-1

[Event "Early-Titled-Tuesday-Blitz-March-26-2024"]
[Site "Chess.com"]
[Date "2024.03.26"]
[Round "6"]
[White "Andreikka"]
[Black "Oleksandr_Bortnyk"]
[Result "1-0"]
[WhiteElo "2984"]
[BlackElo "3079"]
[TimeControl "180+1"]
[EndTime "9:04:40 PDT"]
[Termination "Andreikka won on time"]

1. d4 Nf6 2. Nf3 b6 3. e3 Bb7 4.
Bd3 g6 5. O-O Bg7 6. b3 O-O 7.
Bb2 d5 8. Nbd2 e6 9. Qe2 c5 10. c4 Qe7 11. Rac1 Rd8 12. Rfd1 Nc6 13. cxd5 Nxd5 14.
Bb5 a6 15. Bxc6 Bxc6 16. Nc4 cxd4 17. Bxd4 Bxd4 18. Nxd4 Bb7 19. Ne5 Qf6 20. Ndc6 Bxc6 21. Nxc6 Nc3 22. Rxd8+ Rxd8 23. Rxc3 Qxc3 24. Nxd8 Qc1+ 25.
Qf1 Qc7 26. Nxe6 fxe6 27. Qxa6 Qc1+ 28. Qf1 Qb2 29. h3 Qxa2 30. Qb5 Qa7 31. Qe8+ Kg7 32. Qxe6 Qc7 33. f4 Qa7 34. Kh2 Qb7 35. b4 b5 36. e4 Kh6 37. e5 Qc7 38. Qf6 Qc4 39. e6 Qxb4 40. e7 1-0

[Event "Early-Titled-Tuesday-Blitz-March-26-2024"]
[Site "Chess.com"]
[Date "2024.03.26"]
[Round "6"]
[White "Veleamater"]
[Black "noblerone"]
[Result "0-1"]
[WhiteElo "2400"]
[BlackElo "2560"]
[TimeControl "180+1"]
[EndTime "9:04:41 PDT"]
[Termination "noblerone won by checkmate"]

1. g3 d5 2. Bg2 Nf6 3. d3 c6 4.
Nf3 Bg4 5. O-O Nbd7 6. h3 Bxf3 7. Bxf3 e6 8. Bg2 Bc5 9. Nc3 O-O 10. e4 a5 11. Kh2 h6 12. a3 Ba7 13. f4 dxe4 14. dxe4 e5 15. Qe2 Qe7 16. f5 Nh7 17.
g4 Rad8 18. Qe1 Kh8 19. Qg3 b5 20. h4 f6 21. b4 Bd4 22. Rb1 axb4 23. axb4 Nb6 24.
Ne2 Nc4 25. c3 Bb6 26. g5 fxg5 27. hxg5 Nxg5 28. Bxg5 Qxg5 29. Qxg5 hxg5 30. Rh1 Kg8 31. Rbd1 Bf2 32. Bf3 Ne3 33. Ra1 g4 34. Bg2 Rd2 35. Ng3 Kf7 36. Ra7+ Kf6 37. Nh5+ Kg5 38. Rxg7+ Kxh5 39. Bf1 Kh4 40. Rh7+ Kg5 41. Rg7+ Kf4 42. Rg6 Rh8+ 43.
Bh3 Rxh3# 0-1

[Event "Early-Titled-Tuesday-Blitz-March-26-2024"]
[Site "Chess.com"]
[Date "2024.03.26"]
[Round "6"]
[White "Let_it_be_1"]
[Black "CADMartin"]
[Result "0-1"]
[WhiteElo "2659"]
[BlackElo "2512"]
[TimeControl "180+1"]
[EndTime "9:04:43 PDT"]
[Termination "CADMartin won by resignation"]

1. e4 c5 2. Nf3 e6 3. d4 cxd4 4. Nxd4 a6 5. Nc3 Qc7 6. Be2 Nf6 7. O-O Bb4 8. Qd3 Nc6 9. Nxc6 dxc6 10. f4 e5 11. Qg3 g6 12. fxe5 Nd7 13. e6 Qxg3 14.
exd7+ Bxd7 15. hxg3 O-O-O 16. Rxf7 Be6 17. Rf1 Bc5+ 18.
Kh2 h5 19. Bg5 Rde8 20. Bf6 Rh7 21. e5 Bg4 22. Bd3 Rg8 23. Ne4 Bb6 24. Ng5 Rh6 25. e6 h4 26. Be5 Rh5 27. Bf4 Bd8 28. Nf7 Be7 29. Nd6+ Kd8 30. Nxb7+ Kc8 31. Nd6+ Kd8 32. Be4 Bxe6 33. Rad1 hxg3+ 34. Kxg3 Bh4+ 35. Kf3 Ke7 36.
Rh1 g5 37. Bh2 g4+ 38. Ke3 g3 39. Bf3 Rhh8 40. Ne4 gxh2 41. Rxh2 Bf2+ 42. Kxf2 Rxh2 43. b3 Bg4 44. Kg3 Bxf3+ 45. Kxf3 Rgxg2 46. Nc5 Rxc2 47. Nxa6 Rxa2 48. Nb4 Raf2+ 49. Ke3 Rf6 50. Rc1 Rh3+ 51. Kd4 Rf4+ 52. Kc5 Rh5+ 53. Kb6 Rxb4+ 54. Kxc6 Rxb3 55. Re1+ Kf6 0-1

[Event "Early-Titled-Tuesday-Blitz-March-26-2024"]
[Site "Chess.com"]
[Date "2024.03.26"]
[Round "6"]
[White "Josgar05"]
[Black "stratacticos"]
[Result "1-0"]
[WhiteElo "2354"]
[BlackElo "1862"]
[TimeControl "180+1"]
[EndTime "9:04:43 PDT"]
[Termination "Josgar05 won on time"]

1. Nf3 c5 2. e4 Nc6 3. Nc3 a6 4.
d4 cxd4 5. Nxd4 e5 6. Nde2 Nf6 7.
Be3 Bb4 8. a3 Be7 9. h3 O-O 10.
Ng3 d6 11. Be2 Be6 12. Nd5 Bxd5 13. exd5 Nb8 14. O-O g6 15. c4 Nbd7 16. b4 Rc8 17. Rc1 b6 18. Kh1 Kg7 19. Qd2 Ng8 20. f4 f5 21. fxe5 Nxe5 22. Rfd1 Bh4 23. Nf1 Nf6 24. Qd4 Ne4 25. Qxb6 Qxb6 26. Bxb6 Nf2+ 27. Bxf2 Bxf2 28. Rc3 g5 29. Nd2 Kg6 30. Nf3 Nxf3 31. Bxf3 h5 32. Rc2 Bg3 33. c5 g4 34. Be2 Rfe8 35. c6 gxh3 36.
gxh3 Kf6 37. Bxa6 Ra8 38. Bb5 Rxa3 39. c7 1-0

[Event "Early-Titled-Tuesday-Blitz-March-26-2024"]
[Site "Chess.com"]
[Date "2024.03.26"]
[Round "6"]
[White "Kacparov"]
[Black "andrew-blr"]
[Result "1-0"]
[WhiteElo "2890"]
[BlackElo "2594"]
[TimeControl "180+1"]
[EndTime "9:04:45 PDT"]
[Termination "Kacparov won by checkmate"]

1. e4 c5 2. Nf3 e6 3. d4 cxd4 4.
Nxd4 Bc5 5. Nb3 Bb6 6. Nc3 Ne7 7. Bd3 O-O 8. O-O f5 9. exf5 Nxf5 10. Qh5 d5 11. Bd2 Nc6 12. Rae1 Qf6 13. Bg5 Qf7 14. Qxf7+ Rxf7 15. Na4 e5 16. Nxb6 axb6 17. a3 Be6 18. f3 h6 19. Bd2 d4 20. Be4 Nfe7 21. Nc1 Bc4 22. Nd3 Rf6 23. Rc1 Rd8 24. Rfe1 Rfd6 25.
Bxc6 Nxc6 26. Nxe5 Nxe5 27. Rxe5 d3 28. cxd3 Bxd3 29.
Bc3 Bc4 30. Rce1 Rd1 31. h4 R8d7 32. Kf2 Rxe1 33. Rxe1 Kf7 34. h5 Bd5 35. Re5 Bc6 36. Re3 b5 37. g4 Rd1 38. Re5 Rd5 39. Re3 Rd1 40. Kg3 Rf1 41. Kg2 Rd1 42. Kf2 Rd5 43. f4 Rd1 44. g5 hxg5 45. fxg5 Rh1 46. g6+ Kf8 47. Re5 Rh3 48. Bb4+ Kg8 49. Rf5 Rf3+ 50. Rxf3 Bxf3 51. Kxf3 b6 52. Bc3 Kh8 53. Ke4 b4 54.
axb4 b5 55. Kd5 Kg8 56. Kc6 Kh8 57. Kxb5 Kg8 58. Kc6 Kh8 59. Kd7 Kg8 60. b5 Kh8 61. b6 Kg8 62. b7 Kh8 63. b8=Q# 1-0

[Event "Early-Titled-Tuesday-Blitz-March-26-2024"]
[Site "Chess.com"]
[Date "2024.03.26"]
[Round "6"]
[White "Cheer_Down"]
[Black "Goryachkina"]
[Result "1/2-1/2"]
[WhiteElo "2497"]
[BlackElo "2671"]
[TimeControl "180+1"]
[EndTime "9:04:45 PDT"]
[Termination "Game drawn by repetition"]

1. e4 c5 2. Nf3 Nc6 3. d4 cxd4 4. Nxd4 Nf6 5. Nc3 e6 6. Bf4 d6 7. Nxc6 bxc6 8. e5 Nd5 9. Nxd5 exd5 10. exd6 Bxd6 11.
Bxd6 Qxd6 12. Bd3 O-O 13. O-O Be6 14. c3 a5 15. Rb1 c5 16. Re1 Rab8 17. Qd2 Rfd8 18.
b3 g6 19. Qg5 a4 20. bxa4 c4 21. Bc2 d4 22. cxd4 Rxb1 23. Rxb1 Qxd4 24. h3 c3 25. a5 Qd2 26. Qxd2 Rxd2 27. Rc1 Bxa2 28. a6 Rd6 29. Be4 Rxa6 30. Rxc3 Be6 31. g3 Kg7 32. Kg2 h5 33. h4 Ra4 34. Bf3 Rd4 35. Re3 Bd5 36. Bxd5 Rxd5 37. Rf3 Rd6 38. Re3 Kf6 39.
Rf3+ Ke6 40. Re3+ Kf6 41. Rf3+ Ke6 42. Re3+ Kf6 1/2-1/2

[Event "Early-Titled-Tuesday-Blitz-March-26-2024"]
[Site "Chess.com"]
[Date "2024.03.26"]
[Round "6"]
[White "vlad10898"]
[Black "Suleyman_Chess06"]
[Result "0-1"]
[WhiteElo "2874"]
[BlackElo "2715"]
[TimeControl "180+1"]
[EndTime "9:04:46 PDT"]
[Termination "Suleyman_Chess06 won by checkmate"]

1. e4 e6 2. d4 d5 3. Nd2 a6 4. Bd3 c5 5. dxc5 Bxc5 6. Ngf3 Nf6 7. O-O dxe4 8. Nxe4 Nxe4 9. Bxe4 Qxd1 10. Rxd1 Nd7 11. Nd2 Nf6 12. Bf3 e5 13. Re1 O-O 14. Rxe5 Bd4 15. Re1 Be6 16. c3 Ba7 17. Bxb7 Rab8 18. Bxa6 Ng4 19. Rf1 Rfd8 20. h3 Ne5 21. Nb3 Bc4 22.
Bxc4 Nxc4 23. Re1 h6 24. Kf1 Rb7 25. Rb1 g5 26. Be3 Bxe3 27. fxe3 Ra8 28. Re2 Rxa2 29. Nd2 Nxb2 30. Nc4 Nd3 31. Rd1 Rxe2 32. Kxe2 Nc5 33.
Nd6 Rb2+ 34. Rd2 Rb3 35. c4 Rc3 36. Rd5 Ne6 37. Kd2 Ra3 38. g4 Ra2+ 39. Kd3 Ra3+ 40. Ke4 Kg7 41. Kf5 Rxe3 42. Ne8+ Kf8 43. Nf6 Ng7# 0-1

[Event "Early-Titled-Tuesday-Blitz-March-26-2024"]
[Site "Chess.com"]
[Date "2024.03.26"]
[Round "6"]
[White "ajeale2"]
[Black "NikitaShnadrygin"]
[Result "0-1"]
[WhiteElo "2432"]
[BlackElo "2640"]
[TimeControl "180+1"]
[EndTime "9:04:46 PDT"]
[Termination "NikitaShnadrygin won on time"]

1. d4 Nf6 2. Bg5 d5 3. Nf3 c5 4.
Bxf6 gxf6 5. e3 Nc6 6. Nbd2 cxd4 7. exd4 Bf5 8. c3 e6 9. Qb3 Qc7 10. Be2 h5 11. O-O h4 12. Rfe1 h3 13. g3 Bh6 14.
a4 Kf8 15. a5 Kg7 16. Qa2 Rab8 17. Nf1 b6 18. axb6 Rxb6 19. Nh4 Bh7 20. Bg4 a5 21. f4 Rhb8 22. Re2 Qb7 23. Ne3 Rxb2 24. Qa4 Rxe2 25. Bxe2 Qb2 26. Re1 Qxc3 27. Kf2 Nxd4 28. Qd7 Be4 29. Ng4 Nc2 30. Rd1 Rb2 31. Qe7 Qb4 32. Qxf6+ Kh7 0-1

[Event "Early-Titled-Tuesday-Blitz-March-26-2024"]
[Site "Chess.com"]
[Date "2024.03.26"]
[Round "6"]
[White "bazar-wokzal"]
[Black "DeTimmerman"]
[Result "1-0"]
[WhiteElo "2577"]
[BlackElo "2734"]
[TimeControl "180+1"]
[EndTime "9:04:48 PDT"]
[Termination "bazar-wokzal won by resignation"]

1. e4 e5 2. Bc4 Nf6 3. d3 c6 4. Nf3 d5 5. Bb3 Bd6 6. Nc3 d4 7. Ne2 O-O 8. c3 c5 9. O-O Nc6 10. cxd4 cxd4 11. Ng3 Be6 12. Bxe6 fxe6 13. Qb3 Qd7 14. Bd2 Kh8 15. Rac1 Rfc8 16. Rc2 Nd8 17. Rfc1 Rxc2 18. Qxc2 Nc6 19. a3 Rc8 20. Qa4 a6 21. h3 h6 22. Nh2 Ne7 23. Qxd7 Rxc1+ 24. Bxc1 Nxd7 25. Kf1 Kg8 26. Ke2 Kf7 27. Kd1 b5 28. Kc2 Nc6 29. Ne2 g5 30. g3 Kg6 31. f4 gxf4 32. gxf4 exf4 33. Bxf4 Bxf4 34. Nxf4+ Kf7 35. Ng4 e5 36. Nxh6+ Kg7 37. Nf5+ Kf6 38. Nd5+ Kg5 39. Nc7 Ncb8 40. h4+ Kg4 41. Ne6 Nf6 42. Kb3 Kf3 43. Ng5+ Ke2 44. Kc2 Nbd7 45. Nf7 Nh5 46. Ne7 Nf4 47.
h5 Nxd3 48. h6 Ne1+ 49. Kb3 Nf6 50. Nd5 Nh7 51. Nxe5 d3 52. Nf4+ Ke3 53. Nfxd3 Nxd3 54. Nxd3 Kxe4 55. Nc5+ Kd5 56. Nxa6 Kc6 57. Nb4+ Kc5 58. Nd3+ Kd4 59. Nf4 Kc5 60. Ne6+ Kb6 61. Kb4 Nf6 62. Ng5 Nd5+ 63. Kb3 1-0

[Event "Early-Titled-Tuesday-Blitz-March-26-2024"]
[Site "Chess.com"]
[Date "2024.03.26"]
[Round "6"]
[White "Harry_Rakkel"]
[Black "Chessmissile07"]
[Result "0-1"]
[WhiteElo "2732"]
[BlackElo "2925"]
[TimeControl "180+1"]
[EndTime "9:04:49 PDT"]
[Termination "Chessmissile07 won by checkmate"]

1. e4 a6 2. d4 e6 3. c3 d5 4. e5 Bd7 5. h4 c5 6. h5 Qb6 7.
a3 Bb5 8. Nf3 Bxf1 9. Kxf1 Nc6 10. h6 Nxh6 11. Bxh6 gxh6 12. b4 cxd4 13. cxd4 Rc8 14.
Kg1 Bg7 15. Rh3 Ne7 16. Nbd2 O-O 17. Nb3 Ng6 18. Nc5 Qc6 19. a4 f6 20. b5 axb5 21.
axb5 Qe8 22. Nxb7 Qe7 23. Nd6 Rb8 24. Rg3 fxe5 25. dxe5 Rxf3 26. Rxf3 Nxe5 27. Rfa3 Qxd6 28. Ra8 Bf8 29. R1a6 Rb6 30. Qd4 Nd7 31. Rxf8+ Kxf8 32. Qh8+ Ke7 33. Qxh7+ Kd8 34. Ra7 Rxb5 35. Qg8+ Nf8 36.
Qf7 Rb1# 0-1

[Event "Early-Titled-Tuesday-Blitz-March-26-2024"]
[Site "Chess.com"]
[Date "2024.03.26"]
[Round "6"]
[White "only_strong_moves"]
[Black "Juicy_Fork"]
[Result "1-0"]
[WhiteElo "2708"]
[BlackElo "2525"]
[TimeControl "180+1"]
[EndTime "9:04:49 PDT"]
[Termination "only_strong_moves won by resignation"]

1. Nc3 Nf6 2. e4 e5 3. Bc4 Nc6 4. d3 Na5 5. Nge2 Bc5 6. O-O O-O 7. Ng3 c6 8. Bg5 h6 9. Bxf6 Qxf6 10. a3 Nxc4 11.
dxc4 d6 12. Na4 Bd4 13. c3 Bb6 14. Nxb6 axb6 15. Qd2 Be6 16. b3 Rfd8 17. Qe3 Ra6 18. a4 d5 19. exd5 cxd5 20. cxd5 Bxd5 21. c4 Bc6 22.
Rfe1 Re8 23. Rad1 Qg6 24. Rd2 h5 25. Qd3 Qg4 26. f3 Qg5 27. Qe3 Qg6 28. Red1 h4 29. Rd6 f6 30. Ne4 Raa8 31. h3 Qf5 32. Nc3 Qh5 33.
Nd5 Rad8 34. Rxd8 Rxd8 35. Nxf6+ gxf6 36. Rxd8+ Kg7 37. Qxb6 Qg5 38. Qc7+ Kh6 39. Rh8+ 1-0

[Event "Early-Titled-Tuesday-Blitz-March-26-2024"]
[Site "Chess.com"]
[Date "2024.03.26"]
[Round "6"]
[White "jakopogi"]
[Black "Shield12"]
[Result "0-1"]
[WhiteElo "2805"]
[BlackElo "2993"]
[TimeControl "180+1"]
[EndTime "9:04:50 PDT"]
[Termination "Shield12 won by resignation"]

1. e4 c5 2. Nc3 e6 3. g3 d5 4.
Bg2 d4 5. Nce2 Nc6 6. f4 e5 7. d3 f6 8. Nf3 Bd6 9. O-O Nge7 10.
fxe5 Nxe5 11. Nxe5 fxe5 12. a3 Be6 13. b4 c4 14. c3 dxc3 15. d4 c2 16. Qd2 exd4 17.
Qxd4 Qb6 18. Ra2 Nc6 19. Qxb6 axb6 20. Rxc2 b5 21. Nf4 Bf7 22. Nd5 O-O 23. Nc3 Nd4 24. Rcf2 Be5 25. Bb2 Rae8 26. Kh1 g5 27. Nd5 Bxd5 28.
Rxf8+ Rxf8 29. Rxf8+ Kxf8 30. exd5 Ke7 31. d6+ Kxd6 32.
Bxb7 Ne2 33. Bf3 Bxb2 34. Bxe2 Bxa3 35. Kg2 Ke5 36. Kf3 Kd4 37. Bd1 Bxb4 38. Bc2 h6 39. Kg4 Bd2 40. Kh5 b4 41. Kxh6 b3 42. Bd1 Kd3 43. Kg6 b2 44. Bg4 Kc2 45. Bf5+ Kc1 0-1

[Event "Early-Titled-Tuesday-Blitz-March-26-2024"]
[Site "Chess.com"]
[Date "2024.03.26"]
[Round "6"]
[White "Abund"]
[Black "Winner_7777"]
[Result "0-1"]
[WhiteElo "2788"]
[BlackElo "2597"]
[TimeControl "180+1"]
[EndTime "9:04:50 PDT"]
[Termination "Winner_7777 won by resignation"]

1. d4 d5 2. c4 e6 3. Nf3 c6 4. e3 Bd6 5. b3 f5 6. Be2 Nf6 7. O-O Qe7 8. a4 O-O 9. Ba3 b6 10. a5 Bb7 11. Ne5 c5 12. Nc3 Nbd7 13. cxd5 Nxe5 14.
dxe5 Bxe5 15. Rc1 Nxd5 16. Nxd5 Bxd5 17. Bf3 Rad8 18. Bxd5 exd5 19. g3 d4 20. Qd3 dxe3 21. Qxe3 f4 22. gxf4 Rxf4 23. Rfe1 Qg5+ 24. Kh1 Qh5 25.
Rc4 Re4 26. h3 Rxe3 27. Rxe3 Rd1+ 28. Kg2 Bd4 29. Rf3 Qg5+ 30. Rg3 Qd5+ 31. Rf3 Rg1+ 32. Kxg1 Qxf3 33. Rxd4 cxd4 34. Bc1 d3 35. Bd2 Qe2 0-1

[Event "Early-Titled-Tuesday-Blitz-March-26-2024"]
[Site "Chess.com"]
[Date "2024.03.26"]
[Round "6"]
[White "Mikhail_Golubev"]
[Black "Coach_Istvanovszki"]
[Result "0-1"]
[WhiteElo "2704"]
[BlackElo "2555"]
[TimeControl "180+1"]
[EndTime "9:04:50 PDT"]
[Termination "Coach_Istvanovszki won on time"]

1. e4 c5 2. Nf3 d6 3. d4 cxd4 4. Nxd4 Nf6 5. Nc3 g6 6. Be3 Nc6 7. f3 h5 8. Bc4 Bd7 9. Bb3 Bg7 10. h3 Na5 11. Qe2 a6 12. O-O-O Rc8 13. g4 Rxc3 14. bxc3 Qc7 15. Kb1 b5 16. g5 Nh7 17. Bc1 O-O 18. f4 Nc4 19. Bxc4 bxc4 20.
Ka1 Rb8 21. Be3 Qa5 22. Qd2 Nf8 23. Rb1 Bb5 24. Rb2 Nd7 25. Nxb5 Rxb5 26. Bd4 Rxb2 27. Kxb2 Nc5 28. Re1 Na4+ 29. Kc1 Bxd4 30. cxd4 c3 31. Qd3 Qb4 32. Re3 Qb2+ 33. Kd1 Qxa2 34. Ke2 a5 35. Kf2 Nb2 36. Qxc3 Nd1+ 37. Kg3 Nxc3 38. Rxc3 a4 39. f5 gxf5 40. exf5 Qa1 41. Rc8+ Kg7 42. h4 Qxd4 43.
Rc7 Qg4+ 0-1

[Event "Early-Titled-Tuesday-Blitz-March-26-2024"]
[Site "Chess.com"]
[Date "2024.03.26"]
[Round "6"]
[White "Savagelittlemole"]
[Black "Mindhunter08"]
[Result "1-0"]
[WhiteElo "2493"]
[BlackElo "2653"]
[TimeControl "180+1"]
[EndTime "9:04:50 PDT"]
[Termination "Savagelittlemole won by resignation"]

1. e4 e5 2. Nf3 Nc6 3. Bc4 Nf6 4. d3 Bc5 5. O-O O-O 6. a4 a5 7. h3 d5 8. exd5 Nxd5 9. Re1 Nb6 10. Bb3 Re8 11.
Nc3 Be6 12. Bxe6 Rxe6 13. Ne4 Be7 14. Nfg5 Rg6 15. Qh5 h6 16. Nf3 Qd7 17. Bd2 Re8 18. Bc3 Bd6 19. Nxd6 cxd6 20. Bd2 Nd5 21. Nh4 Qxh3 22.
Qxg6 Qxh4 23. Qe4 Qxe4 24. dxe4 Nf6 25. f3 Nd4 26. Rac1 b6 27. Be3 Nc6 28. Red1 Rd8 29. b3 d5 30. exd5 Nxd5 31. Bf2 Kh7 32. c4 Nf4 33.
Rxd8 Ne2+ 34. Kf1 Nxc1 35. Rd6 Nb4 36. Rxb6 Nxb3 37. c5 Nd2+ 38. Ke2 Nc4 39. Rb7 f5 40.
Be1 Nc6 41. Kd3 Na3 42. Rb6 Nd4 43. c6 Nac2 44. c7 Nxe1+ 45. Kd2 Nexf3+ 46. gxf3 Nxf3+ 47. Ke3 1-0

[Event "Early-Titled-Tuesday-Blitz-March-26-2024"]
[Site "Chess.com"]
[Date "2024.03.26"]
[Round "6"]
[White "biveklama"]
[Black "Onischuk_V"]
[Result "0-1"]
[WhiteElo "2578"]
[BlackElo "2809"]
[TimeControl "180+1"]
[EndTime "9:04:51 PDT"]
[Termination "Onischuk_V won by resignation"]

1. e4 d6 2. d4 Nf6 3. Nc3 g6 4. f4 Bg7 5. Nf3 O-O 6. Bd3 Na6 7. O-O c5 8. d5 Bg4 9. h3 Bxf3 10. Rxf3 Nc7 11. a4 a6 12. a5 Nb5 13. Bd2 Nd4 14. Rf2 e6 15. dxe6 fxe6 16. Ne2 Kh8 17. c3 Nxe2+ 18.
Qxe2 b5 19. axb6 Qxb6 20. Bc1 a5 21. Bc4 d5 22. Bd3 c4 23. Bc2 Rad8 24. e5 Nd7 25.
Be3 Qxb2 26. Qe1 Qb5 27. Ba4 Qb7 28. Rb1 Qc7 29. Rfb2 Nc5 30. Bxc5 Qxc5+ 31. Qf2 Qxf2+ 32. Rxf2 Rb8 33. Ra1 g5 34. g3 gxf4 35. gxf4 Bh6 36. Bd7 Bxf4 37. Kh1 Bxe5 38. Rxf8+ Rxf8 39. Bxe6 Bxc3 40. Ra2 Rd8 41. Rc2 Bb4 42. h4 c3 43. h5 d4 0-1

[Event "Early-Titled-Tuesday-Blitz-March-26-2024"]
[Site "Chess.com"]
[Date "2024.03.26"]
[Round "6"]
[White "alekroth65"]
[Black "AnaKuchava"]
[Result "1-0"]
[WhiteElo "2391"]
[BlackElo "2139"]
[TimeControl "180+1"]
[EndTime "9:04:51 PDT"]
[Termination "alekroth65 won on time"]

1. d4 d5 2. c4 e6 3. Nf3 Nf6 4. Bg5 Be7 5. e3 O-O 6. Nc3 h6 7. Bxf6 Bxf6 8. Qd2 c5 9. cxd5 cxd4 10. Nxd4 exd5 11.
Be2 Nc6 12. O-O Nxd4 13. exd4 Be6 14. Bf3 Rc8 15. Rfe1 Rc4 16. Ne2 Qb6 17. b3 Rc7 18. Rac1 Rfc8 19. Rxc7 Rxc7 20. g3 a5 21. Nf4 Qxd4 22.
Qxd4 Bxd4 23. Nxe6 fxe6 24. Rxe6 Rc2 25. Bxd5 Bxf2+ 26. Kg2 Kf8 27. Kf3 Rxa2 28. Bxb7 Bd4 29. h4 Bf6 30.
Bd5 a4 31. b4 Rb2 32. Rb6 a3 33. Rb7 a2 34. Ra7 Rxb4 35. Rxa2 Ke7 36. Be4 Kd6 37. Ra3 Rb2 38. Rd3+ Ke7 39. Bg6 Rc2 40. Re3+ Kd6 41. Kg4 1-0

[Event "Early-Titled-Tuesday-Blitz-March-26-2024"]
[Site "Chess.com"]
[Date "2024.03.26"]
[Round "6"]
[White "GMT4114"]
[Black "esteban062000"]
[Result "0-1"]
[WhiteElo "1962"]
[BlackElo "2156"]
[TimeControl "180+1"]
[EndTime "9:04:51 PDT"]
[Termination "esteban062000 won on time"]

1. e4 c5 2. Nc3 Nc6 3. Bb5 g6 4.
Bxc6 bxc6 5. d3 Bg7 6. f4 e6 7. Nf3 Ne7 8. O-O d5 9. e5 O-O 10. b3 a5 11. Na4 c4 12. dxc4 Ba6 13. Nc5 Qb6 14. Qd4 Nf5 15. Qf2 dxc4 16. Nxa6 Qxa6 17. g4 Ne7 18. Ba3 Rfe8 19. Bxe7 Rxe7 20. Qc5 Rd7 21. Qxc4 Qxc4 22. bxc4 Rad8 23. Rab1 Bf8 24. Kf2 Bc5+ 25. Ke2 Kf8 26. h4 Ke7 27. Rb3 a4 28. Rd3 Rxd3 29.
cxd3 Rb8 30. Rd1 Rb2+ 31. Rd2 a3 32. Ne1 Bb4 33. Rc2 Bxe1 0-1

[Event "Early-Titled-Tuesday-Blitz-March-26-2024"]
[Site "Chess.com"]
[Date "2024.03.26"]
[Round "6"]
[White "ural58"]
[Black "Kotlyar_K"]
[Result "1-0"]
[WhiteElo "2471"]
[BlackElo "2586"]
[TimeControl "180+1"]
[EndTime "9:04:53 PDT"]
[Termination "ural58 won by resignation"]

1. e4 e5 2. Nf3 Nc6 3. Bc4 Nf6 4. Ng5 d5 5. exd5 Na5 6. Bb5+ c6 7. dxc6 bxc6 8.
Bd3 Nd5 9. h4 Be7 10. Qh5 g6 11. Qf3 Bxg5 12. hxg5 Qxg5 13. Nc3 Bg4 14. Qg3 Qf4 15.
Qxf4 Nxf4 16. Bf1 O-O 17. d3 Nd5 18. Ne4 Bf5 19. Bd2 Nb7 20. O-O-O Rab8 21. Be2 Bxe4 22. dxe4 Nf6 23. f3 Nc5 24. Bg5 Nfd7 25. b3 f6 26. Be3 Rfd8 27. Bc4+ Kg7 28. Bh6+ Kh8 29. Be3 Kg7 30. Rd2 Nb7 31. Rhd1 Nb6 32. Ba6 Rxd2 33. Rxd2 Nd8 34. a4 Kf7 35. a5 Nc8 36. Rxd8 Ke7 37.
Rxc8 1-0